 Dungeon Crawl Stone Soup version 0.31.0-32-g396128a36d (webtiles) character file.

Game seed: 3190742097749861905

1361 DebaczX the Basher (level 8, -1/73 HPs)
             Began as a Minotaur Gladiator on Apr 6, 2024.
             Was an Initiate of Gozag.
             Slain by a gnoll sergeant
             ... wielding a +0 spear
              (7 damage)
             ... on level 6 of the Dungeon.
             The game lasted 00:12:35 (4562 turns).

DebaczX the Basher (Minotaur Gladiator)             Turns: 4562, Time: 00:12:37

Health: -1/73      AC: 10    Str: 21    XL:     8   Next: 37%
Magic:  7/7        EV:  9    Int:  5    God:    Gozag
Gold:   477        SH:  0    Dex: 12    Spells: 7/7 levels left

rFire   . . .        a - +1 flail
rCold   . . .        (no shield)
rNeg    . . .        h - +0 chain mail
rPois   +            c - +2 hat
rElec   .            (no cloak)
rCorr   .            (no gloves)
SInv    .            (no boots)
Will    +....        (no amulet) Stlth
                     g - ring of poison resistance
HPRegen 0.32/turn    s - ring of willpower
MPRegen 0.10/turn

%: no passive effects
@: no status effects
A: horns 2, retaliatory headbutt
a: Renounce Religion, Potion Petition, Call Merchant, Bribe Branch


You were on level 6 of the Dungeon.
You worshipped Gozag.
Gozag was aware of your devotion.
You visited 1 branch of the dungeon, and saw 6 of its levels.

You collected 477 gold pieces.

Inventory:

Hand Weapons
 a - a +1 flail (weapon)
 i - a +0 whip
Missiles
 d - 2 throwing nets (quivered)
 e - a javelin
Armour
 c - a +2 hat (worn)
 h - a +0 chain mail (worn)
 u - the +3 ring mail "Ziqyvyr" {Int+2}
   (You found it on level 6 of the Dungeon)

   Int+2:     It affects your intelligence (+2).
Jewellery
 g - a ring of poison resistance (left hand)
 s - a ring of willpower (right hand)
Wands
 j - a wand of digging (7)
Scrolls
 k - a scroll of enchant armour
 m - 4 scrolls of teleportation
 r - a scroll of vulnerability
Potions
 b - a potion of resistance
 f - 4 potions of curing
 l - 2 potions of might {unknown}
 n - a potion of cancellation
 o - 2 potions of mutation
 q - a potion of attraction
 t - 2 potions of brilliance


   Skills:
 + Level 7.5 Fighting
 * Level 10.7 Maces & Flails
 - Level 2.0 Throwing
 - Level 3.2 Dodging


You had 7 spell levels left.
You didn't know any spells.
Your spell library contained the following spells:

 Spells                   Type           Power      Damage    Failure   Level
 Sting                    Conj/Alch      0%         1d3       99%         1
 Mercury Vapours          Alch/Air       0%         N/A       100%        2
 Gell's Gravitas          Tloc           0%         N/A       100%        3
 Teleport Other           Tloc           0%         N/A       100%        3
 Olgreb's Toxic Radiance  Alch           0%         N/A       100%        4
 Dispersal                Tloc           0%         N/A       100%        6


Dungeon Overview and Level Annotations

Branches:
Dungeon (6/15)
 Temple: D:4-7

Altars:
Ashenzari
Gozag

Shops:
D:1 =

Annotations:
D:6 Jeremiah


Innate Abilities, Weirdness & Mutations

You have a pair of horns on your head.
You reflexively headbutt those who attack you in melee.


Message History

The iguana barely misses you.
You hit the iguana.
The iguana is almost dead.
The iguana is distracted by your dazzling golden aura.
The iguana hisses angrily.
You sock the iguana!
You kill the iguana!
u - the +3 ring mail "Ziqyvyr" {Int+2} You now have 471 gold pieces (gained 3).
There are no items here.
You see here 6 gold pieces.
You now have 477 gold pieces (gained 6).
Found a scroll of teleportation.
You see here a scroll of teleportation.
m - 4 scrolls of teleportation (gained 1) It was a potion of lignification.
You turn into a tree.
Your +2 hat melds into your body.
Your +0 chain mail melds into your body.
Your roots penetrate the ground.
Your magical effects are unravelling.
You feel magically purged.
You feel less wooden.
Your +2 hat unmelds from your body.
Your +0 chain mail unmelds from your body.
The gnoll sergeant hits you from afar with a +0 spear.
* * * LOW HITPOINT WARNING * * *
The gnoll shouts!
The gnoll sergeant hits you with a +0 spear.
* * * LOW HITPOINT WARNING * * *
You barely miss the gnoll sergeant.
Your headbutt misses the gnoll sergeant.
The gnoll sergeant closely misses you.
You barely miss the gnoll sergeant.
Your headbutt misses the gnoll sergeant.
Jeremiah throws their arms up pleadingly.
Something smites you!
* * * LOW HITPOINT WARNING * * *
The gnoll sergeant hits you with a +0 spear!
You die...
Your body crumbles into a pile of gold.

#..........##.#
..
#.......ggF...#
..
##.......b#####
.. ##........##
. #.....g(...#
# #..........#
#..........#
#....g.....#
#....@.....#
##........##
##......##
########


You could see Jeremiah, a gnoll sergeant and 3 gnolls.

Vanquished Creatures
  Sigmund (D:5)
  Eustachio (D:5)
  A water moccasin (D:5)
  3 phantoms
  A kobold brigand (D:6)
  2 scorpions
  2 bombardier beetles
  2 hounds
  3 orc priests
  2 iguanas
  A jelly (D:5)
  2 orc wizards
  3 gnolls (D:6)
  9 adders
  A shadow imp (D:6)
  A white imp (D:5)
  2 ribbon worms
  A dart slug (D:1)
  13 orcs
  2 ball pythons
  4 bats
  9 endoplasms
  4 giant cockroaches
  4 goblins
  3 hobgoblins
  7 kobolds
  A quokka (D:3)
  2 rats
87 creatures vanquished.

Notes
Turn   | Place    | Note
-------+----------+-------------------------------------------
     0 | D:1      | DebaczX the Minotaur Gladiator began the quest for the Orb.
     0 | D:1      | Reached XP level 1. HP: 18/18 MP: 0/0
    75 | D:1      | Reached skill level 4 in Maces & Flails
    87 | D:1      | Found Siclimni's Jewellery Emporium.
    96 | D:1      | Reached XP level 2. HP: 20/25 MP: 1/1
   734 | D:2      | Reached XP level 3. HP: 27/31 MP: 2/2
   852 | D:2      | Noticed a scorpion
   872 | D:2      | Killed a scorpion
   873 | D:2      | Reached skill level 5 in Maces & Flails
   873 | D:2      | Reached XP level 4. HP: 40/40 MP: 3/3
   916 | D:2      | You fall into a shaft and drop 1 floor!
   959 | D:3      | Found a faded altar of an unknown god.
   967 | D:3      | Prayed at the altar of an unknown god.
   967 | D:3      | Became a worshipper of Gozag Ym Sagoz the Greedy
  1209 | D:2      | Reached skill level 6 in Maces & Flails
  1209 | D:2      | Reached XP level 5. HP: 44/46 MP: 4/4
  2717 | D:4      | Identified the +8 spear of Karezo {holy, SInv}
  3053 | D:5      | Entered Level 5 of the Dungeon
  3065 | D:5      | Reached skill level 7 in Maces & Flails
  3065 | D:5      | Reached XP level 6. HP: 15/55 MP: 5/5
  3227 | D:5      | Noticed Sigmund
  3299 | D:5      | Noticed a water moccasin
  3313 | D:5      | Killed a water moccasin
  3314 | D:5      | Reached skill level 5 in Fighting
  3365 | D:5      | Killed Sigmund
  3366 | D:5      | Reached skill level 8 in Maces & Flails
  3366 | D:5      | Reached XP level 7. HP: 51/62 MP: 6/6
  3496 | D:5      | Noticed Eustachio
  3502 | D:5      | Killed Eustachio
  3503 | D:5      | Reached skill level 9 in Maces & Flails
  3701 | D:5      | Reached XP level 8. HP: 66/71 MP: 7/7
  3942 | D:5      | Found a broken altar of Ashenzari.
  4071 | D:6      | Reached skill level 10 in Maces & Flails
  4378 | D:6      | Noticed Jeremiah
  4534 | D:6      | Identified the +3 ring mail "Ziqyvyr" {Int+2}
  4562 | D:6      | Slain by a gnoll sergeant

Illustrated notes

Levels and vault maps discovered:
D:1:      nicolae_arrival_memento_mori, layout_basic, serial_shops,
          nicolae_shop_window_shopping, chequers_serial_rivers_small_a
D:2:      layout_loops_ring, kennysheep_generic_room_6
D:3:      layout_basic, shapermc_ecumenical_altar_pompeii, minmay_hedge_maze,
          chequers_big_river, amethyst_killhole
D:4:      layout_layer_cave
D:5:      layout_cave_pools, ashenzari_conservatory_becter, uniq_sigmund,
          uniq_eustachio
D:6:      layout_rooms, minmay_temple_entry_overgrown, uniq_jeremiah

Skill      XL: |  1  2  3  4  5  6  7  8 |
---------------+-------------------------+-----
Maces & Flails | 4 5 6 7 8 9 10 | 10.7
Fighting       | 3 4 5 6 7 |  7.5
Throwing       | |  2.0
Dodging        | |  3.2

Action                     |  1- 3 |  4- 6 |  7- 9 || total
---------------------------+-------+-------+-------++-------
  Melee: Flail             |    23 |    97 |    92 ||   212
         Headbutt          |    10 |    24 |    14 ||    48
         Whip              |    29 |    26 |       ||    55
         Punch             |       |     4 |     4 ||     8
  Throw: Throwing net      |     3 |     3 |     1 ||     7
    Use: Scroll            |     2 |     7 |     5 ||    14
         Potion            |     1 |       |     2 ||     3
   Stab: Sleeping          |     1 |       |       ||     1
         Held in net/web   |       |       |     1 ||     1
         Distracted        |       |       |     1 ||     1
 Armour: Leather armour    |    14 |       |       ||    14
         Chain mail        |    14 |    53 |   113 ||   180
  Dodge: Dodged            |    31 |    30 |    58 ||   119
